 Dungeon Crawl Stone Soup version 0.31-a0-640-g39d97e502b (webtiles) character file.

Game seed: 6672857300653840250

139425 rjrrt the Executioner (level 16, -1/226 HPs)
             Began as a Minotaur Berserker on Aug 28, 2023.
             Was the Champion of Trog.
             Killed from afar by a thorn hunter (13 damage)
             ... with a volley of thorns
             ... on level 4 of the Swamp on Aug 29, 2023.
             The game lasted 00:53:39 (26496 turns).

rjrrt the Executioner (Minotaur Berserker)         Turns: 26496, Time: 00:53:40

Health: -1/226     AC: 27    Str: 32    XL:     16   Next: 73%
Magic:  15/15      EV: 14    Int:  7    God:    Trog [******]
Gold:   2062       SH:  0    Dex: 10    Spells: 15/15 levels left

rFire   + + +        a - +6 executioner's axe "Ofylo" {flame, rElec}
rCold   + + .        (shield currently unavailable)
rNeg    . . .        J - +4 chain mail {rF+}
rPois   +            c - +2 hat
rElec   +            p - scarf {rC+ rF+}
rCorr   .            e - +2 pair of gloves {Dex+3}
SInv    .            K - +2 pair of boots {Fly}
Will    ++...        B - amulet "Nooty" {RegenMP rC+ Str+3} Stlth
                     h - ring of Gextug {rF+ Will+ Int+3 Dex-4 Slay+3}
HPRegen 0.57/turn    v - ring of poison resistance
MPRegen 0.54/turn

%: no passive effects
@: berserking, flying, very quick
A: horns 2, retaliatory headbutt
a: Renounce Religion, Berserk, Trog's Hand, Brothers in Arms


You were on level 4 of the Swamp.
You worshipped Trog.
Trog was exalted by your worship.
You visited 4 branches of the dungeon, and saw 26 of its levels.
You also visited: Sewer, Bailey, Gauntlet and Volcano.

You collected 2601 gold pieces.
You spent 539 gold pieces at shops.

Inventory:

Hand Weapons
 a - the +6 executioner's axe "Ofylo" (weapon) {flame, rElec}
   (Trog gifted it to you on level 3 of the Lair of Beasts)

   rElec:     It insulates you from electricity.
 b - the +5 trident of the Gnashing Gods {flame, Str+5}
   (You took it off a wight on level 6 of the Dungeon)

   Str+5:     It affects your strength (+5).
 m - a +9 antimagic executioner's axe
 M - a +0 executioner's axe of draining
Missiles
 o - 4 throwing nets
 x - 18 javelins (quivered)
Armour
 c - a +2 hat (worn)
 e - a +2 pair of gloves of dexterity (worn)
 p - a scarf of resistance (worn)
 J - a +4 chain mail of fire resistance (worn)
 K - a +2 pair of boots of flying (worn)
Jewellery
 h - the ring of Gextug (left hand) {rF+ Will+ Int+3 Dex-4 Slay+3}
   (You acquired it on level 5 of the Dungeon)

   [ring of protection from fire]

   Int+3:     It affects your intelligence (+3).
   Dex-4:     It affects your dexterity (-4).
   Slay+3:    It affects your accuracy & damage with ranged weapons and melee
   (+3).
   rF+:       It protects you from fire.
   Will+:     It increases your willpower.
 v - a ring of poison resistance (right hand)
 B - the amulet "Nooty" (around neck) {RegenMP rC+ Str+3}
   (You took it off a minotaur in a Gauntlet)

   [amulet of magic regeneration]

   RegenMP:   It increases your rate of magic regeneration.
   Str+3:     It affects your strength (+3).
   rC+:       It protects you from cold.
 F - an amulet of the acrobat
 Q - a ring of resist corrosion
Wands
 j - a wand of polymorph (12)
 u - a wand of light (17)
 D - a wand of charming (16)
 I - a wand of flame (4)
 L - a wand of mindburst (12)
 N - a wand of roots (14)
Scrolls
 g - 12 scrolls of teleportation
 i - 8 scrolls of enchant armour
 r - 12 scrolls of identify
 t - 3 scrolls of revelation
 y - 4 scrolls of fear
 E - a scroll of summoning
 H - a scroll of fog
 O - 3 scrolls of blinking
Potions
 d - 9 potions of haste
 f - 5 potions of berserk rage
 k - 5 potions of mutation
 l - 6 potions of might
 n - 4 potions of enlightenment
 q - 8 potions of heal wounds
 s - a potion of lignification
 w - 2 potions of ambrosia
 z - 2 potions of resistance
 A - 7 potions of cancellation
 C - 4 potions of invisibility
 G - 10 potions of curing
 P - 2 potions of attraction


   Skills:
 + Level 16.1 Fighting
 * Level 23.2 Axes
 + Level 15.8 Armour
 + Level 14.5 Dodging
 - Level 6.0 Evocations


You had 15 spell levels left.
You didn't know any spells.
Your spell library was empty.

Dungeon Overview and Level Annotations

Branches:
Dungeon (15/15)            Temple (0/1) D:5            Lair (5/5) D:8
  Swamp (4/4) Lair:2        Snake (0/4) Lair:2        Slime (0/5) Lair:5
    Orc (2/2) D:9             Elf (0/3) Orc:2        Vaults (0/5) D:13
 Depths (0/4) D:15          Sewer (visited)          Bailey (visited)
Volcano (visited)         Gauntlet (visited)

Altars:
Ashenzari
Dithmenos
Gozag
Kikubaaqudgha
Nemelex Xobeh
Okawaru
Sif Muna
Trog
Uskayaw
Vehumet
Wu Jian
Xom
Yredelemnul
The Shining One

Shops:
D:3 (=*   D:4 (   D:6 :   D:7 *   D:8 *:!*   D:9 ?   Orc:2 [[[(

Annotations:
D:9 2 transporters, Jingleheimer's ghost, journeyman OpSh
D:13 3 runed translucent doors
Lair:2 1 runed translucent door


Innate Abilities, Weirdness & Mutations

You have a pair of horns on your head.
You reflexively headbutt those who attack you in melee.


Message History

The volley of thorns hits you but does no damage.
You slice Roxanne!! You headbutt Roxanne, but do no damage.
Roxanne is heavily damaged.
Unknown command.
You slash Roxanne! You burn Roxanne.
Roxanne is heavily damaged.
The spriggan air mage waves its arms in wide circles.
The air twists around and strikes you!!
* * * LOW HITPOINT WARNING * * *
The spriggan rider hits you from afar with a +0 spear.
* * * LOW HITPOINT WARNING * * *
You slice Roxanne!! You burn Roxanne. You headbutt Roxanne.
Roxanne is severely damaged.
The thorn hunter fires a volley of thorns at you.
The volley of thorns misses you.
Unknown command.
You slash Roxanne! You headbutt Roxanne!!
Roxanne is almost destroyed.
The spriggan rider hits you from afar with a +0 spear!
* * * LOW HITPOINT WARNING * * *
The thorn hunter hits the briar patch!
The briar patch is destroyed!
Unknown command.
You hit Roxanne but do no damage. You headbutt Roxanne.
Roxanne is almost destroyed.
The thorn hunter gestures.
The spriggan rider hits you from afar with a +0 spear.
* * * LOW HITPOINT WARNING * * *
Roxanne mumbles some strange words.
The bolt of magma misses you.
The mangrove smoulders and burns.
Unknown command.
You slash Roxanne!
You destroy Roxanne!
Trog accepts your kill.
Trog appreciates your killing of a magic user.
You completely miss the spriggan air mage.
The spriggan air mage closely misses you.
The thorn hunter fires a volley of thorns at you.
The volley of thorns hits you!
You die...

~~.♣ ~~~~~~~
♣♣..§♣~~~~~~~
♣~.~....~.~..
♣...~~~~..~.♣
♣~~.~~~~~..♣
♣~~.~.§/~~~.
♣~....i.~~~~
♣.%@.§P~~~♣
♣..i.PPf~~.
♣♣♣.~P~P~§.
♣♣♣.~PPP~~♣
♣.<†~..♣♣~~
♣....♣♣♣ ~
♣†♣♣♣♣♣ .~♣
~~~~


You could see a thorn hunter, a spriggan rider and a spriggan air mage (repels
missiles).

Vanquished Creatures
  Saint Roka (Orc:2)
  A tentacled monstrosity (Swamp:2)
  Mlioglotl (Swamp:1)
  Frances (D:12)
  2 thorn hunters
  Roxanne (Swamp:4)
  4 dire elephants (Lair:5)
  2 eleionomae
  A minotaur (Gauntlet)
  A bunyip (Swamp:2)
  A green death (Gauntlet)
  An ettin (D:15)
  A fire dragon (Volcano)
  18 hydras
  4 catoblepae
  2 vault guards (Bailey)
  A death knight (D:15)
  3 alligators
  An ogre mage (D:13)
  5 centaur warriors
  5 ghost crabs
  7 boulder beetles
  7 two-headed ogres
  A tengu warrior (D:15)
  A hell hog (Volcano)
  2 death yaks
  2 orc high priests (Orc:2)
  A spectral dire elephant (Lair:5)
  Amaemon (D:8)
  2 skysharks
  A fire crab (Lair:3)
  A swamp dragon (Swamp:2)
  A deep troll (D:15)
  A spectral anaconda (Lair:5)
  3 goliath frogs
  An obsidian statue (Lair:5)
  An orange crystal statue (D:13)
  4 orc knights
  4 necromancers
  2 wizards
  A spriggan druid (Swamp:2)
  2 lindwurms
  5 bog bodies
  4 deep elf pyromancers
  10 ugly things
  3 orc sorcerers
  A manticore (D:15)
  A wolf spider (D:12)
  5 cyclopes
  2 will-o-the-wisps
  19 elephants
  A worldbinder (Gauntlet)
  A torpor snail (Lair:3)
  10 black mambas
  3 orange demons
  A molten gargoyle (Volcano)
  5 gargoyles
  16 cane toads
  11 komodo dragons
  3 kobold demonologists
  2 rime drakes
  A dire elephant skeleton (Lair:5)
  2 unseen horrors (D:12)
  6 trolls
  3 meliai (D:14)
  4 tyrant leeches
  4 polar bears
  3 hornets
  Prince Ribbit (Bailey)
  A spectral elephant (Lair:5)
  6 dream sheep
  24 blink frogs
  A large abomination (Gauntlet)
  3 slime creatures (D:12)
  A spriggan (shapeshifter) (D:13)
  2 spriggans
  Sigmund (D:3)
  3 shadows
  6 wyverns
  52 yaks
  2 fire bats (Volcano)
  5 humans (Bailey)
  6 wraiths
  7 basilisks
  5 steam dragons
  8 vampire mosquitoes
  2 death yak simulacra (Lair:5)
  Menkaure (D:5)
  A warg (Orc:2)
  10 swamp worms
  3 small abominations (Gauntlet)
  2 acid dragons
  A spectral cane toad (Lair:5)
  15 water moccasins
  2 hell hounds (Volcano)
  A swamp drake (D:9)
  27 orc warriors
  A sky beast (D:7)
  5 black bears
  An elephant zombie (Lair:5)
  2 ice beasts
  16 centaurs
  3 boggarts (Gauntlet)
  12 wolves
  9 ogres
  9 kobold brigands
  3 phantoms
  28 bullfrogs
  A gnoll sergeant (D:9)
  A cane toad simulacrum (Lair:5)
  5 wights
  3 scorpions
  16 killer bees
  2 electric eels (Lair:3)
  2 howler monkeys
  2 lava snakes (Volcano)
  2 gnoll boudas
  18 orc priests
  2 hounds
  An iron imp (D:6)
  18 jellies
  Jessica (D:3)
  6 iguanas
  3 sleepcaps
  29 orc wizards
  17 gnolls
  9 adders
  A river rat (Sewer)
  A shadow imp (D:5)
  3 white imps (D:6)
  3 ufetubi
  2 worms
  2 dart slugs
  98 orcs
  8 ball pythons
  9 endoplasms
  4 giant cockroaches
  11 goblins
  5 hobgoblins
  9 jackals
  3 quokkas
  6 bats
  3 frilled lizards
  2 goblin skeletons (D:6)
  2 hobgoblin zombies (D:6)
  29 kobolds
  A kobold skeleton (D:6)
  2 kobold zombies (D:6)
  An orc skeleton (D:6)
  An orc zombie (D:6)
  15 rats
876 creatures vanquished.

Vanquished Creatures (collateral kills)
  A komodo dragon (Lair:1)
1 creature vanquished.

Vanquished Creatures (others)
  3 bloated husks
  A swamp worm (Swamp:2)
  4 foxfires
8 creatures vanquished.

Grand Total: 885 creatures vanquished

Notes
Turn   | Place    | Note
-------+----------+-------------------------------------------
     0 | D:1      | rjrrt the Minotaur Berserker began the quest for the Orb.
     0 | D:1      | Reached XP level 1. HP: 19/19 MP: 0/0
    34 | D:1      | Reached skill level 4 in Axes
    40 | D:1      | Reached XP level 2. HP: 18/26 MP: 1/1
   375 | D:1      | Reached skill level 5 in Axes
   679 | D:2      | Reached XP level 3. HP: 31/31 MP: 2/2
   764 | D:2      | Reached ** piety under Trog
   765 | D:2      | Reached skill level 6 in Axes
   765 | D:2      | Reached XP level 4. HP: 39/39 MP: 3/3
  1311 | D:3      | Noticed Jessica
  1320 | D:3      | Killed Jessica
  1336 | D:3      | Found Juenal's Jewellery Shoppe.
  1396 | D:3      | Found Nelu Sul's Assorted Antiques.
  1401 | D:3      | Bought a golden potion for 21 gold pieces
  1401 | D:3      | Bought a scroll labelled WIEXTUEGUR for 24 gold pieces
  1401 | D:3      | Bought a scroll labelled FIAFANL OT ONO for 24 gold pieces
  1499 | D:3      | Noticed Sigmund
  1515 | D:3      | Killed Sigmund
  1516 | D:3      | Reached skill level 8 in Axes
  1516 | D:3      | Reached XP level 5. HP: 45/45 MP: 4/4
  1516 | D:3      | Reached XP level 6. HP: 51/51 MP: 5/5
  1524 | D:3      | Found a radiant altar of Vehumet.
  1543 | D:3      | Found Kavveras's Weapon Boutique.
  1667 | D:3      | Found a glowing drain.
  1681 | Sewer    | Entered a sewer
  1928 | Sewer    | Reached *** piety under Trog
  2028 | Sewer    | Reached skill level 9 in Axes
  2154 | Sewer    | Reached XP level 7. HP: 37/57 MP: 6/6
  2393 | Sewer    | Reached skill level 10 in Axes
  2582 | D:3      | Found a basalt altar of Yredelemnul.
  2782 | D:3      | Found an iron altar of Okawaru.
  3011 | D:4      | Found a hide-covered altar of Uskayaw.
  3264 | D:4      | Found Sadesif's Antique Weapon Boutique.
  3669 | D:4      | Identified a scroll of acquirement
  3669 | D:4      | Acquired a +1 pair of gloves of dexterity
  3758 | D:5      | Entered Level 5 of the Dungeon
  3765 | D:5      | Reached XP level 8. HP: 56/67 MP: 7/7
  3891 | D:5      | Reached skill level 11 in Axes
  3891 | D:5      | Found a staircase to the Ecumenical Temple.
  3958 | D:5      | Acquired the ring of Gextug {rF+ Will+ Int+3 Dex-4 Slay+3}
  4061 | D:5      | Noticed Menkaure
  4065 | D:5      | Killed Menkaure
  4066 | D:5      | Reached skill level 5 in Fighting
  4425 | D:6      | Reached skill level 5 in Armour
  4444 | D:6      | Identified the +5 trident of the Gnashing Gods {flame,
                  | Str+5}
  4451 | D:6      | Reached **** piety under Trog
  4452 | D:6      | Reached skill level 12 in Axes
  4452 | D:6      | Reached XP level 9. HP: 48/75 MP: 8/8
  4513 | D:6      | Reached skill level 5 in Dodging
  4621 | D:6      | Found a glowing golden altar of the Shining One.
  4709 | D:6      | Found Ceorhael's Vocational Training.
  4749 | D:6      | Identified the +3 ring mail of Brilliance {Slay+2}
  5267 | D:7      | Reached ***** piety under Trog
  5268 | D:7      | Found a flagged portal.
  5312 | Bailey   | Entered a bailey
  5323 | Bailey   | Reached skill level 13 in Axes
  5370 | Bailey   | Reached XP level 10. HP: 81/86 MP: 9/9
  5406 | Bailey   | Noticed a vault guard
  5414 | Bailey   | Killed a vault guard
  5452 | Bailey   | Noticed a vault guard
  5452 | Bailey   | Noticed Prince Ribbit
  5463 | Bailey   | Killed Prince Ribbit
  5464 | Bailey   | Killed a vault guard
  5465 | Bailey   | Reached skill level 14 in Axes
  5802 | D:7      | Found a shadowy altar of Dithmenos.
  5823 | D:7      | Found a shimmering altar of Xom.
  5944 | D:7      | Found Ufrafaoc's Assorted Antiques.
  5952 | D:7      | Bought a scroll of teleportation for 87 gold pieces
  5952 | D:7      | Bought a scroll of identify for 58 gold pieces
  6280 | D:8      | Noticed an elephant
  6303 | D:8      | Killed an elephant
  6304 | D:8      | Reached skill level 1 in Evocations
  6308 | D:8      | Reached XP level 11. HP: 95/95 MP: 10/10
  6318 | D:8      | Reached skill level 15 in Axes
  6322 | D:8      | Found a staircase to the Lair.
  6377 | D:8      | Found Iteudidgh's Book Emporium.
  6388 | D:8      | Found Saach's Distillery.
  6434 | D:8      | Found a sparkling altar of Nemelex Xobeh.
  6527 | D:8      | Bought a potion of resistance for 130 gold pieces
  6527 | D:8      | Bought a potion of heal wounds for 65 gold pieces
  6527 | D:8      | Bought a potion of heal wounds for 65 gold pieces
  6527 | D:8      | Bought a potion of heal wounds for 65 gold pieces
  6624 | D:8      | Identified the staff "Zitwirch" {rElec Dex+3 Stlth+ Air}
  6659 | D:8      | Noticed a two-headed ogre
  6665 | D:8      | Killed a two-headed ogre
  6767 | D:8      | Found Buumimog's General Store.
  6808 | D:8      | Found Maufrot's Assorted Antiques.
  6820 | D:8      | Noticed Amaemon
  6841 | D:8      | Killed Amaemon
  7062 | D:9      | Found a transporter.
  7067 | D:9      | Noticed Jingleheimer's ghost (journeyman OpSh)
  7102 | D:9      | Found a transporter.
  7346 | D:9      | Found a bloodstained altar of Trog.
  7371 | D:9      | Found a shimmering blue altar of Sif Muna.
  7472 | D:9      | Found Moqaf's Magic Scroll Boutique.
  7493 | D:9      | Received a gift from Trog
  7494 | D:9      | Found a staircase to the Orcish Mines.
  7822 | Lair:1   | Entered Level 1 of the Lair of Beasts
  8207 | Lair:1   | Reached skill level 16 in Axes
  8208 | Lair:1   | Reached skill level 10 in Fighting
  8428 | Lair:1   | Reached XP level 12. HP: 89/106 MP: 11/11
  8548 | Lair:1   | Reached skill level 10 in Armour
  8957 | Lair:2   | Found a staircase to the Swamp.
  9030 | Lair:2   | Received a gift from Trog
  9192 | Lair:2   | Noticed a catoblepas
  9216 | Lair:2   | Killed a catoblepas
  9633 | Lair:2   | Noticed a catoblepas
  9642 | Lair:2   | Killed a catoblepas
  9709 | Lair:2   | Reached skill level 17 in Axes
  9777 | Lair:2   | Found a staircase to the Snake Pit.
  9940 | Lair:2   | Noticed a catoblepas
  9940 | Lair:2   | Noticed a catoblepas
  9962 | Lair:2   | Found a runed translucent door.
 10267 | Lair:3   | Found a dark tunnel.
 10277 | Volcano  | Entered a volcano
 10429 | Volcano  | Found a burning altar of Makhleb.
 10429 | Volcano  | Noticed a hell hog
 10434 | Volcano  | Killed a hell hog
 10489 | Volcano  | Noticed a fire dragon
 10501 | Volcano  | Killed a fire dragon
 10568 | Volcano  | Reached skill level 10 in Dodging
 10860 | Lair:3   | Reached XP level 13. HP: 113/116 MP: 12/12
 11139 | Lair:3   | Reached skill level 18 in Axes
 11977 | Lair:3   | Reached ****** piety under Trog
 11977 | Lair:3   | Identified the +6 executioner's axe "Ofylo" {flame, rElec}
                  | (Trog gifted it to you on level 3 of the Lair of Beasts)
 11977 | Lair:3   | Received a gift from Trog
 12415 | Lair:3   | Reached skill level 19 in Axes
 13041 | Lair:4   | Found a gate leading to a gauntlet.
 13050 | Gauntlet | Entered a Gauntlet
 13050 | Gauntlet | Found a transporter.
 13050 | Gauntlet | Found a transporter.
 13050 | Gauntlet | Found a runed translucent door.
 13061 | Gauntlet | Found a transporter.
 13064 | Gauntlet | Found a transporter.
 13072 | Gauntlet | Found a transporter.
 13076 | Gauntlet | Found a transporter.
 13084 | Gauntlet | Found a transporter.
 13090 | Gauntlet | Noticed a balrug
 13098 | Gauntlet | Found a transporter.
 13102 | Gauntlet | Noticed a green death
 13118 | Gauntlet | Found a transporter.
 13122 | Gauntlet | Found a transporter.
 13130 | Gauntlet | Found a transporter.
 13134 | Gauntlet | Found a transporter.
 13138 | Gauntlet | Found a runed translucent door.
 13270 | Gauntlet | Killed a green death
 13372 | Gauntlet | Identified the amulet "Nooty" {RegenMP rC+ Str+3}
 13372 | Gauntlet | Noticed a minotaur
 13380 | Gauntlet | Killed a minotaur
 13417 | Gauntlet | Identified the +4 helmet "Bukev" {rC++}
 13800 | Lair:4   | Reached XP level 14. HP: 127/127 MP: 13/13
 13976 | Lair:4   | Identified the +1 chain mail of Onnemez {Rampage Int+2}
 14629 | Lair:5   | Entered Level 5 of the Lair of Beasts
 14822 | Lair:5   | Reached skill level 20 in Axes
 14873 | Lair:5   | Found a hide-covered altar of Uskayaw.
 14873 | Lair:5   | Found an ornate altar of the Wu Jian Council.
 15381 | Lair:5   | Found a staircase to the Slime Pits.
 15728 | Lair:5   | Received a gift from Trog
 15847 | Lair:5   | Identified the +4 sling of Azeoth {heavy, Will+ Int+2}
 16350 | Orc:1    | Entered Level 1 of the Orcish Mines
 16692 | Orc:2    | Entered Level 2 of the Orcish Mines
 16857 | Orc:2    | Found a staircase to the Elven Halls.
 17024 | Orc:2    | Received a gift from Trog
 17153 | Orc:2    | Reached XP level 15. HP: 138/138 MP: 14/14
 17156 | Orc:2    | Found Aduekir's Armour Shop.
 17302 | Orc:2    | Reached skill level 21 in Axes
 17303 | Orc:2    | Found Qepryg's Antique Armour Shop.
 17749 | Orc:2    | Noticed Saint Roka
 17791 | Orc:2    | Killed Saint Roka
 17964 | Orc:2    | Found Jasitiw's Antique Armour Emporium.
 17974 | Orc:2    | Found Imeuck's Antique Weapon Shoppe.
 18112 | D:10     | Entered Level 10 of the Dungeon
 18336 | D:10     | Found an ancient bone altar of Kikubaaqudgha.
 18552 | D:10     | Found a broken altar of Ashenzari.
 18639 | D:11     | Received a gift from Trog
 19618 | D:12     | Noticed Frances
 19635 | D:12     | Killed Frances
 19824 | D:12     | Identified the +2 short sword "Siatz" {heavy, rN++ Str+2
                  | Int+3}
 20327 | D:12     | Received a gift from Trog
 20504 | D:13     | Found a runed translucent door.
 20550 | D:13     | Found a gate to the Vaults.
 20616 | D:13     | Reached skill level 15 in Fighting
 20897 | D:13     | Found a runed translucent door.
 20915 | D:13     | Found a runed translucent door.
 20934 | D:13     | Found a runed translucent door.
 20979 | D:13     | Reached skill level 22 in Axes
 21132 | D:14     | Found an opulent altar of Gozag.
 21750 | D:14     | You are sucked into a shaft and drop 1 floor!
 21750 | D:15     | Entered Level 15 of the Dungeon
 21781 | D:15     | Found a staircase to the Depths.
 21787 | D:15     | Reached skill level 15 in Armour
 22030 | D:15     | Reached skill level 5 in Evocations
 22039 | D:15     | Reached XP level 16. HP: 116/149 MP: 15/15
 23796 | Swamp:1  | Entered Level 1 of the Swamp
 23840 | Swamp:1  | Noticed a thorn hunter
 23851 | Swamp:1  | Killed a thorn hunter
 23865 | Swamp:1  | Identified the +1 morningstar of Resourcefulness {flame,
                  | rC+ Stlth+}
 23945 | Swamp:1  | Received a gift from Trog
 24293 | Swamp:1  | Noticed Mlioglotl
 24300 | Swamp:1  | Killed Mlioglotl
 24657 | Swamp:2  | Noticed a thorn hunter
 24670 | Swamp:2  | Killed a thorn hunter
 25382 | Swamp:2  | Noticed a tentacled monstrosity
 25778 | Swamp:2  | Killed a tentacled monstrosity
 25779 | Swamp:2  | Reached skill level 23 in Axes
 26471 | Swamp:4  | Entered Level 4 of the Swamp
 26481 | Swamp:4  | Noticed a thorn hunter
 26483 | Swamp:4  | Noticed Roxanne
 26495 | Swamp:4  | HP: 11/226 [spriggan rider/+0 spear (3)]
 26496 | Swamp:4  | Killed Roxanne
 26496 | Swamp:4  | Killed from afar by a thorn hunter

Illustrated notes

Levels and vault maps discovered:
D:1:      wander_arrival_estate, layout_loops_ring
D:2:      layout_loops_cross
D:3:      layout_basic, mainiacjoe_overflow_boulevard,
          mainiacjoe_overflow_six_doors_small, vehumet_crystals, serial_shops,
          nicolae_shop_tiny_glass, shop, nicolae_shop_tiny_statue_garden,
          portal_sewer_entry_a, guppyfry_early_lair_pool, uniq_jessica,
          uniq_sigmund
D:4:      minmay_spotlight, layout_basic, old_standard_altar, serial_shops,
          nicolae_shop_waterfront
D:5:      layout_gridville, temple_hall, serial_park_tiny_1, uniq_menkaure
D:6:      hangedman_cross_stitches, layout_loops_ring,
          nicolae_tso_besieged_by_evil, chequers_avenue, st_stairs_13,
          nicolae_shop_vocational
D:7:      layout_loops_ring, mainiacjoe_overflow_big_doors, enter_bailey_3,
          serial_shops, nicolae_shop_hallway_plus, serial_bayou_crossing
D:8:      layout_rooms, nemelex_xobeh_ov_fountains_minmay, david_lair_generic,
          serial_shops, nicolae_take_the_stairs, shop, nicolae_square_shop,
          shop, minmay_liquid_box, uniq_amaemon
D:9:      layout_rooms, mainiacjoe_overflow_alcove_1, lemuel_crystal_altar,
          erik_orc_1, serial_shops, nicolae_shop_behind_doors,
          gammafunk_ghost_stat_death
D:10:     layout_rooms, nicolae_kikubaaqudgha_miasma_corner, kennysheep_mini,
          kennysheep_generic_room_15
D:11:     layout_basic
D:12:     cheibrodos_ideogram_h, layout_basic, uniq_frances
D:13:     layout_cave_pools, david_vaults_2, minmay_statue_crystal_thing
D:14:     layout_loops_ring, nicolae_titane, nrook_mini_backslash,
          grunt_gozag_statues
D:15:     hangedman_depths_entry_civil_slaughter, layout_grid_maze,
          serial_rivers, chequers_serial_rivers_micro_a,
          chequers_serial_rivers_micro_c, chequers_serial_rivers_micro_c,
          chequers_serial_rivers_small_a, minivault_27, st_stairs_2
Lair:1:   layout_chaotic_city, dreamdust_mushroom_princess,
          nicolae_quartered_pool_medium, beast_lair_carwin_4, grunt_megastairs_2
Lair:2:   gammafunk_lair_enchanted_lake, layout_chaotic_city,
          minmay_swamp_entry_reptiles, guppyfry_snake_entry_island
Lair:3:   nzn_winding_woodlands_huge [nzn_winding_woodlands_5x15_cabin,
          nzn_winding_woodlands_5x15_zeroes,
          nzn_winding_woodlands_5x15_longhouse,
          nzn_winding_woodlands_5x15_garden,
          nzn_winding_woodlands_5x15_pathside_ponds,
          nzn_winding_woodlands_5x15_parted, nzn_winding_woodlands_5x15_default,
          nzn_winding_woodlands_5x15_sidewinder,
          nzn_winding_woodlands_5x15_pool, nzn_winding_woodlands_5x15_twine,
          nzn_winding_woodlands_center_garden,
          nzn_winding_woodlands_center_triple_pond,
          nzn_winding_woodlands_15x15_boxy_spiral], layout_big_grid,
          lightli_volcano_entry_magma_tube, serial_bayou_lake_a
Lair:4:   layout_cave_pods, gauntlet_entry_generic
Lair:5:   due_jungle_book, layout_loops_ring, minmay_slime_entry_jelly_boxes,
          nzn_masters_of_martial_movement, grunt_megastairs_4
Swamp:1:  nicolae_swamp_long_stream, layout_basic_swamp,
          hangedman_swamp_ruin_hall, uniq_mlioglotl
Swamp:2:  layout_basic_swamp, evilmike_swamp_ruin_wall,
          infiniplex_staircase_pool
Swamp:3:  layout_basic_swamp, nicolae_swamp_round_clearing
Swamp:4:  swamp, layout_basic_swamp, gammafunk_ghost_split, uniq_roxanne
Orc:1:    layout_caves
Orc:2:    grunt_orc_community_town_hall, layout_caves,
          grunt_orc_community_big_house_2, grunt_orc_community_big_house_2,
          grunt_orc_community_house_1, grunt_orc_community_house_2,
          grunt_orc_community_house_3, grunt_orc_community_house_3, basic_altar

Skill      XL: |  1  2  3  4  5  6  7  8  9 10 11 12 13 14 15 16 |
---------------+-------------------------------------------------+-----
Axes           | 4 5 6 8 9 10 12 13 14 16 17 19 20 22 23 | 23.2
Fighting       | 4 5 7 8 10 11 12 14 15 16 | 16.1
Armour         | 3 5 6 8 9 11 12 13 15 | 15.8
Dodging        | 3 4 6 7 8 10 11 12 13 14 | 14.5
Evocations     | 1 3 4 5 6 |  6.0

Action                     |  1- 3 |  4- 6 |  7- 9 | 10-12 | 13-15 | 16-18 || total
---------------------------+-------+-------+-------+-------+-------+-------++-------
  Melee: Hand axe          |    47 |   115 |    18 |       |       |       ||   180
         Headbutt          |     7 |    15 |    38 |    81 |   186 |    53 ||   380
         Punch             |       |     1 |     3 |       |       |       ||     4
         War axe           |       |       |   134 |       |       |       ||   134
         Battleaxe         |       |       |    35 |   375 |   131 |       ||   541
         Executioner's axe |       |       |       |       |   711 |   226 ||   937
         Demon whip        |       |       |       |       |    14 |       ||    14
 Invoke: Berserk           |     1 |     4 |     2 |    10 |     4 |     2 ||    23
         Brothers in Arms  |       |       |       |     1 |       |       ||     1
         Trog's Hand       |       |       |       |       |     1 |       ||     1
  Evoke: Wand              |       |       |       |       |     1 |       ||     1
    Use: Scroll            |       |       |    18 |    13 |    10 |     1 ||    42
         Potion            |       |       |       |     1 |       |       ||     1
 Armour: Animal skin       |     1 |       |       |       |       |       ||     1
         Ring mail         |    14 |    39 |    46 |   132 |       |       ||   231
         Scale mail        |       |       |    41 |       |       |       ||    41
         Chain mail        |       |       |       |    15 |   465 |   161 ||   641
  Dodge: Dodged            |    26 |    40 |    91 |   231 |   430 |   151 ||   969

Table legend: (Time is in decaauts)
 A = Elapsed time spent in this place.
 B = Non-inter-level travel time spent in this place.
 C = Inter-level travel time spent in this place.
 D = Time resting spent in this place.
 E = Time spent auto-exploring this place.
 F = Levels seen in this place.
 G = Mean time per level.
                   A        B        C        D        E       F      G
               +--------+--------+--------+--------+--------+-----+--------+
         Total |  26731 |  25461 |   1270 |   3594 |  15245 |  30 |  891.0 |
       Dungeon |  12494 |  11762 |    732 |    774 |   8354 |  15 |  832.9 |
          Lair |   7690 |   7315 |    375 |   1366 |   4306 |   5 | 1538.0 |
         Swamp |   2688 |   2582 |    106 |    784 |   1390 |   4 |  672.0 |
  Orcish Mines |   1708 |   1653 |     55 |    220 |    603 |   2 |  854.0 |
         Sewer |   1044 |   1044 |      0 |    222 |    591 |   1 | 1044.0 |
        Bailey |    279 |    279 |      0 |     33 |      0 |   1 |  279.0 |
       Volcano |    418 |    418 |      0 |     65 |      0 |   1 |  418.0 |
      Gauntlet |    405 |    405 |      0 |    127 |      0 |   1 |  405.0 |
               +--------+--------+--------+--------+--------+-----+--------+

Top non-repeatable levels by time:
  Lair:3: 2336 daAuts
  Lair:5: 1562 daAuts
 Swamp:2: 1334 daAuts
  Lair:2: 1324 daAuts
    D:15: 1270 daAuts
  Lair:4: 1257 daAuts
   Orc:2: 1218 daAuts
  Lair:1: 1209 daAuts
    D:14: 1207 daAuts
    D:12: 1089 daAuts
   Sewer: 1044 daAuts
     D:9: 919 daAuts
 Swamp:1: 874 daAuts
     D:4: 853 daAuts
     D:8: 848 daAuts
